 Dungeon Crawl Stone Soup version 0.29.1-15-g9cfb28693d (webtiles) character file.

Game seed: 5868682499483756353

29787 booth the Myrmidon (level 13, -4/103 HPs)
             Began as a Demonspawn Gladiator on Mar 24, 2023.
             Was an Elder of Okawaru.
             Slain by a boulder beetle (12 damage)
             ... on level 4 of the Lair of Beasts on Mar 26, 2023.
             The game lasted 01:59:38 (21963 turns).

booth the Myrmidon (Demonspawn Gladiator)          Turns: 21963, Time: 01:59:39

Health: -4/103     AC: 21    Str: 18    XL:     13   Next: 17%
Magic:  0/24       EV: 17    Int: 10    God:    Okawaru [****..]
Gold:   764        SH:  0    Dex: 16    Spells: 12/12 levels left

rFire   + + .      SeeInvis +   x - +11 mace "Giantslayer" {vorpal, rF+}
rCold   . . .      Faith    .   (no shield)
rNeg    . . .      Spirit   +   C - +1 scale mail {rF+}
rPois   .          Reflect  .   c - +2 helmet
rElec   .          Harm     .   E - +1 cloak
rCorr   .          Rampage  .   (no gloves)
Will    .....                   l - +1 pair of boots
Stlth   ++........              (no amulet)
HPRegen 0.27/turn               t - ring of see invisible
MPRegen 0.38/turn               F - +4 ring of slaying

@: heroic, studying Invocations
A: hooves 2, icy blue scales 2, magic shield, magic regeneration, magic link,
demonic magic 1
a: Renounce Religion, Heroism, Finesse


You were on level 4 of the Lair of Beasts.
You worshipped Okawaru.
Okawaru was greatly pleased with you.
You visited 3 branches of the dungeon, and saw 16 of its levels.

You collected 1139 gold pieces.
You spent 375 gold pieces at shops.

Inventory:

Hand Weapons
 a - a +2 vorpal war axe
 x - the +11 mace "Giantslayer" (weapon) {vorpal, rF+}
   (Okawaru gifted it to you on level 3 of the Lair of Beasts)

   It inflicts extra damage upon your enemies.
   rF:        It protects you from fire.
 K - a +2 flail of protection
 U - a +3 great mace of draining
Missiles
 d - 5 throwing nets (quivered)
 j - 30 poisoned darts
 z - 5 curare-tipped darts
 G - 4 boomerangs
 I - 3 silver javelins
 L - 6 javelins
 N - 2 atropa-tipped darts
Armour
 b - a +1 leather armour
 c - a +2 helmet (worn)
 l - a +1 pair of boots (worn)
 o - a +1 chain mail of fire resistance
 p - a +2 robe of positive energy
 C - a +1 scale mail of fire resistance (worn)
 E - a +1 cloak (worn)
Jewellery
 e - an amulet of the acrobat
 t - a ring of see invisible (left hand)
 F - a +4 ring of slaying (right hand)
 P - a +6 ring of intelligence
Wands
 k - a wand of acid (10)
 y - a wand of roots (9)
 A - a wand of mindburst (7)
 M - a wand of flame (16)
 S - a wand of polymorph (6)
Scrolls
 f - a scroll of immolation
 m - 2 scrolls of poison
 q - 5 scrolls of fog
 s - 5 scrolls of vulnerability
 u - 11 scrolls of teleportation
 w - 2 scrolls of blinking
 H - 2 scrolls of fear
 R - 3 scrolls of amnesia
 V - a scroll of magic mapping
Potions
 g - 6 potions of curing
 h - 2 potions of mutation
 i - 5 potions of lignification
 n - 6 potions of brilliance
 r - 3 potions of flight
 v - a potion of cancellation
 B - a potion of haste
 D - a potion of magic {unknown}
 J - 4 potions of resistance
 O - a potion of invisibility {unknown}
 Q - a potion of attraction
 W - a potion of berserk rage
 X - a potion of might
Miscellaneous
 T - a piece from Xom's chessboard (15/15)


   Skills:
 + Level 10.0(15.0) Fighting
 + Level 10.4(15.4) Axes
 * Level 0.3(11.5) Maces & Flails
 + Level 9.0(14.0) Throwing
 + Level 6.5(11.5) Armour
 + Level 9.3(14.3) Dodging
 + Level 15.4 Invocations


You had 12 spell levels left.
You didn't know any spells.
Your spell library contained the following spells:

 Spells                   Type           Power      Damage    Failure   Level
 Apportation              Tloc           0%         N/A       67%         1
 Freeze                   Ice            0%         1d3       67%         1
 Frozen Ramparts          Ice            0%         1d1       95%         3
 Portal Projectile        Hex/Tloc       0%         N/A       95%         3
 Corpse Rot               Necr/Pois/Air  0%         N/A       100%        4
 Dispel Undead            Necr           0%         3d6       100%        4
 Hailstorm                Conj/Ice       0%         3d3       100%        4
 Leda's Liquefaction      Hex/Erth       0%         N/A       100%        4
 Alistair's Intoxication  Tmut/Pois      0%         N/A       100%        5
 Blade Hands              Tmut           0%         N/A       100%        5
 Call Canine Familiar     Summ           Unusable   N/A       N/A         3
 Tukima's Dance           Hex            Unusable   N/A       N/A         3
 Death Channel            Necr           Unusable   N/A       N/A         6

Dungeon Overview and Level Annotations

Branches:
Dungeon (11/15)            Temple (1/1) D:5            Lair (4/5) D:9
  Swamp (0/4) Lair:2        Snake (0/4) Lair:3          Orc (0/2) D:11
  Slime: Lair:4-5

Altars:
Ashenzari
Cheibriados
Dithmenos
Fedhas
Gozag
Hepliaklqana
Kikubaaqudgha
Makhleb
Nemelex Xobeh
Okawaru
Qazlal
Ru
Sif Muna
Trog
Uskayaw
Vehumet
Wu Jian
Xom
Yredelemnul

Shops:
D:3 :   D:4 (   D:8 ?


Innate Abilities, Weirdness & Mutations

You have hoof-like feet.
You are mostly covered in icy blue scales. (AC +3)
When hurt, damage is shared between your health and your magic reserves.
You regenerate magic rapidly.
When low on magic, you restore magic in place of health.
Spells you cast may paralyse adjacent enemies.


Message History

The boulder beetle is heavily wounded.
The boulder beetle bites you.
You thump the boulder beetle!
The boulder beetle is heavily wounded.
The boulder beetle misses you.
You sock the boulder beetle!
The boulder beetle is severely wounded.
The boulder beetle bites you!!
* * * LOW HITPOINT WARNING * * *
You hit the boulder beetle but do no damage.
The boulder beetle is severely wounded.
The boulder beetle bites you.
* * * LOW HITPOINT WARNING * * *
You hit the boulder beetle but do no damage.
The boulder beetle is severely wounded.
The boulder beetle barely misses you.
You hit the boulder beetle but do no damage.
The boulder beetle is severely wounded.
The boulder beetle leaps!
You gain the combat prowess of a mighty hero.
You can no longer enter into single combat with a foe.
Okawaru will no longer gift you equipment.
The boulder beetle leaps!
The boulder beetle curls into a ball and begins rolling!
You hit the boulder beetle but do no damage.
The boulder beetle is severely wounded.
The boulder beetle hits you!
* * * LOW HITPOINT WARNING * * *
The boulder beetle stops rolling and uncurls.
You sock the boulder beetle!
The boulder beetle is severely wounded.
The boulder beetle closely misses you.
You hit the boulder beetle but do no damage.
The boulder beetle is severely wounded.
The boulder beetle bites you!
* * * LOW HITPOINT WARNING * * *
You sock the boulder beetle!
The boulder beetle is almost dead.
The boulder beetle bites you!!
You die...

~..~.~
.+.#..................
..................>...
......................
............>.........
......................
..........###..#..#...
.######...###P.###....
##P...##...####...
#@B...###...P#....
###...##.....#P...
#...###.....'... ....#
#...#.P... .#...#
###..#....
###...####.#.##...
.#.#.....#
#...##.##.......
.........
................
......... ...........


You could see a boulder beetle.

Vanquished Creatures
  Rupert (Lair:3)
  Josephine (Lair:3)
  A hydra (Lair:3)
  A catoblepas (Lair:3)
  A boulder beetle (Lair:2)
  Erica (Lair:2)
  A death yak (Lair:4)
  2 bog bodies (Lair:2)
  Pikel (D:7)
  An ugly thing (D:11)
  Joseph (D:10)
  A manticore (D:11)
  A cyclops (D:11)
  A black mamba (Lair:2)
  A guardian serpent (D:11)
  5 torpor snails (Lair:1)
  A gargoyle (D:10)
  An unseen horror (D:11)
  9 cane toads
  A rime drake (Lair:3)
  6 komodo dragons
  A troll (D:11)
  3 blink frogs (Lair:3)
  A polar bear (Lair:3)
  Grinder (D:6)
  Prince Ribbit (D:7)
  Sigmund (D:2)
  2 wyverns
  A shadow (D:10)
  5 wraiths
  43 yaks
  2 basilisks
  Eustachio (D:6)
  A steam dragon (D:9)
  2 nagas (Lair:3)
  6 water moccasins
  A black bear (D:6)
  6 orc warriors
  An ice beast (D:8)
  3 ogres
  6 centaurs
  2 lemures (D:7)
  2 phantoms
  4 kobold brigands
  9 bullfrogs
  A gnoll sergeant (D:10)
  3 necrophages
  A scorpion (D:4)
  6 killer bees (D:8)
  An electric eel (Lair:4)
  4 howler monkeys
  6 orc priests
  A hound (D:6)
  A jelly (D:7)
  4 gnoll boudas
  Jessica (D:2)
  5 iguanas
  12 orc wizards
  Robin (D:3)
  39 gnolls
  8 adders
  4 white imps
  2 ufetubi
  2 worms
  A dart slug (D:3)
  87 orcs
  11 ball pythons
  6 endoplasms
  2 giant cockroaches
  9 goblins
  16 hobgoblins
  6 quokkas
  7 bats
  2 frilled lizards
  21 kobolds
  6 rats
420 creatures vanquished.

Vanquished Creatures (others)
  12 fungi
  47 plants
59 creatures vanquished.

Grand Total: 479 creatures vanquished

Notes
Turn   | Place    | Note
-------+----------+-------------------------------------------
     0 | D:1      | booth the Demonspawn Gladiator began the quest for the Orb.
     0 | D:1      | Reached XP level 1. HP: 16/16 MP: 1/1
   215 | D:1      | Gained mutation: You have large cloven feet. [demonic
                  | ancestry]
   215 | D:1      | Reached XP level 2. HP: 18/22 MP: 2/2
   796 | D:2      | Found a faded altar of an unknown god.
   948 | D:2      | Noticed Jessica
   955 | D:2      | Killed Jessica
   956 | D:2      | Gained mutation: You regenerate magic rapidly. [demonic
                  | ancestry]
   956 | D:2      | Reached XP level 3. HP: 28/28 MP: 3/3
  1080 | D:2      | Gained mutation: You are partially covered in icy blue
                  | scales. (AC +2) [demonic ancestry]
  1080 | D:2      | Reached XP level 4. HP: 26/34 MP: 4/4
  1222 | D:2      | Noticed Sigmund
  1675 | D:3      | Found a shadowy altar of Dithmenos.
  1715 | D:3      | Noticed Robin
  1724 | D:3      | Killed Robin
  1761 | D:3      | Found Utto's Vocational Training.
  2424 | D:2      | Gained mutation: When hurt, damage is shared between your
                  | health and your magic reserves. [demonic ancestry]
  2424 | D:2      | Reached XP level 5. HP: 41/41 MP: 5/5
  2731 | D:2      | Killed Sigmund
  2732 | D:2      | Gained mutation: When low on magic, you restore magic in
                  | place of health. [demonic ancestry]
  2732 | D:2      | Reached XP level 6. HP: 41/48 MP: 6/6
  3546 | D:4      | Found Jafunneq's Antique Weapon Boutique.
  3753 | D:4      | Reached XP level 7. HP: 51/54 MP: 7/7
  4631 | D:4      | Identified a scroll of acquirement
  4633 | D:4      | Acquired a manual of Invocations
  4954 | D:5      | Entered Level 5 of the Dungeon
  5069 | D:5      | Found a staircase to the Ecumenical Temple.
  5082 | D:5      | Reached skill level 1 in Invocations
  5277 | Temple   | Entered the Ecumenical Temple
  5340 | Temple   | Became a worshipper of Warmaster Okawaru
  5457 | D:5      | Identified the +4 trident "Impslayer" {protect, rF+ Dex+5}
  5529 | D:5      | Reached skill level 2 in Invocations
  5537 | D:5      | Reached skill level 5 in Axes
  5953 | D:5      | Gained mutation: Spells you cast may paralyse adjacent
                  | enemies. [demonic ancestry]
  5953 | D:5      | Reached XP level 8. HP: 44/61 MP: 10/10
  6203 | D:5      | Found Zin's Purification Station.
  6212 | D:5      | Bought a potion of curing for 90 gold pieces
  6413 | D:6      | Reached skill level 3 in Invocations
  6418 | D:6      | Noticed Grinder
  6430 | D:6      | Reached skill level 5 in Fighting
  6430 | D:6      | Reached skill level 5 in Dodging
  6459 | D:6      | Reached * piety under Okawaru
  6464 | D:6      | Paralysed by Grinder for 3 turns
  6501 | D:6      | Paralysed by Grinder for 4 turns
  6509 | D:6      | Killed Grinder
  6510 | D:6      | Reached skill level 4 in Invocations
  6919 | D:6      | Found an opulent altar of Gozag.
  6919 | D:6      | Found a basalt altar of Yredelemnul.
  6985 | D:6      | Noticed Eustachio
  7041 | D:6      | Killed Eustachio
  7042 | D:6      | Reached skill level 5 in Invocations
  7319 | D:6      | Found a stormy altar of Qazlal.
  7367 | D:6      | Reached skill level 5 in Throwing
  7620 | D:6      | Found a snail-covered altar of Cheibriados.
  7780 | D:7      | Reached XP level 9. HP: 62/68 MP: 13/13
  7943 | D:7      | Reached ** piety under Okawaru
  8016 | D:7      | Reached skill level 6 in Invocations
  8395 | D:7      | Found a blossoming altar of Fedhas.
  8791 | D:7      | Noticed Prince Ribbit
  8794 | D:7      | Found a broken altar of Ashenzari.
  8798 | D:7      | Saw a vision of the Swamp and the Snake Pit.
  8798 | D:7      | Noticed a will-o-the-wisp
  8798 | D:7      | Noticed a black mamba
  8798 | D:7      | Noticed a goliath frog
  8798 | D:7      | Noticed an anaconda
  8798 | D:7      | Noticed a black mamba
  8798 | D:7      | Noticed a goliath frog
  8798 | D:7      | Noticed a naga mage
  8798 | D:7      | Noticed a salamander
  8799 | D:7      | Noticed a black mamba
  8801 | D:7      | Noticed a bunyip
  8803 | D:7      | Noticed a naga mage
  8809 | D:7      | Killed Prince Ribbit
  8857 | D:7      | Noticed Pikel
  8879 | D:7      | Killed Pikel
  8880 | D:7      | Reached skill level 7 in Invocations
  9718 | D:8      | Reached skill level 8 in Invocations
  9930 | D:8      | Found Ypeschi's Magic Scroll Boutique.
  9933 | D:8      | Reached *** piety under Okawaru
  9958 | D:8      | Bought a scroll of teleportation for 39 gold pieces
  9958 | D:8      | Bought a scroll of identify for 26 gold pieces
  9958 | D:8      | Bought a scroll of enchant weapon for 97 gold pieces
  9958 | D:8      | Bought a scroll of identify for 26 gold pieces
  9958 | D:8      | Bought a scroll of enchant weapon for 97 gold pieces
 10743 | D:8      | Gained mutation: You are mostly covered in icy blue scales.
                  | (AC +3) [demonic ancestry]
 10743 | D:8      | Reached XP level 10. HP: 39/77 MP: 11/16
 11271 | D:9      | Reached skill level 1 in Armour
 11271 | D:9      | Reached skill level 9 in Invocations
 11455 | D:9      | Found a staircase to the Lair.
 11859 | D:9      | Reached **** piety under Okawaru
 12073 | D:9      | Found a bloodstained altar of Trog.
 12335 | D:9      | Reached skill level 10 in Invocations
 12603 | D:10     | Entered Level 10 of the Dungeon
 13077 | D:10     | Reached skill level 11 in Invocations
 13077 | D:10     | Reached XP level 11. HP: 85/85 MP: 19/19
 13208 | D:10     | Noticed Joseph
 13221 | D:10     | Killed Joseph
 13221 | D:10     | Received a gift from Okawaru
 13830 | D:11     | Noticed a white ugly thing
 13852 | D:11     | Reached ***** piety under Okawaru
 13861 | D:11     | Killed a white ugly thing
 14236 | D:11     | Reached skill level 12 in Invocations
 14650 | D:11     | Found a staircase to the Orcish Mines.
 15087 | Lair:1   | Entered Level 1 of the Lair of Beasts
 15229 | Lair:1   | Received a gift from Okawaru
 15393 | Lair:1   | Found a snail-covered altar of Cheibriados.
 16037 | Lair:1   | Received a gift from Okawaru
 16038 | Lair:1   | Reached skill level 13 in Invocations
 16429 | Lair:2   | Noticed Erica
 16451 | Lair:2   | Killed Erica
 16452 | Lair:2   | Gained mutation: You have hoof-like feet. [demonic
                  | ancestry]
 16452 | Lair:2   | Reached XP level 12. HP: 81/94 MP: 18/21
 16674 | Lair:2   | Found a staircase to the Swamp.
 16710 | Lair:2   | Reached skill level 5 in Armour
 17000 | Lair:2   | Noticed a boulder beetle
 17044 | Lair:2   | Killed a boulder beetle
 18094 | Lair:3   | Reached skill level 14 in Invocations
 18286 | Lair:3   | Noticed Rupert
 18301 | Lair:3   | Paralysed by Rupert for 2 turns
 18359 | Lair:3   | Noticed a six-headed hydra
 18376 | Lair:3   | Killed a six-headed hydra
 18780 | Lair:3   | Found a staircase to the Snake Pit.
 18812 | Lair:3   | Reached skill level 10 in Axes
 18841 | Lair:3   | Paralysed by Rupert for 2 turns
 18850 | Lair:3   | Killed Rupert
 18850 | Lair:3   | Identified the +11 mace "Giantslayer" {vorpal, rF+}
                  | (Okawaru gifted it to you on level 3 of the Lair of Beasts)
 18850 | Lair:3   | Received a gift from Okawaru
 19804 | Lair:3   | Noticed a catoblepas
 19882 | Lair:3   | Killed a catoblepas
 20250 | Lair:3   | Noticed Josephine
 20294 | Lair:3   | Killed Josephine
 20311 | Lair:3   | Reached skill level 15 in Invocations
 20922 | Lair:3   | Reached XP level 13. HP: 82/103 MP: 22/24
 21381 | Lair:4   | Received a gift from Okawaru
 21929 | Lair:4   | Reached skill level 10 in Fighting
 21963 | Lair:4   | Slain by a boulder beetle

Illustrated notes

Levels and vault maps discovered:
D:1:      tarquinn_simple_flora_water_a, layout_rooms, minmay_box_of_dots
D:2:      minmay_angry_zag, layout_basic, basic_altar,
          nicolae_ecumenical_pavilion, uniq_sigmund, uniq_jessica
D:3:      layout_basic, mainiacjoe_overflow_tiny_flanked,
          nicolae_shop_vocational, uniq_robin
D:4:      minmay_chambers_of_twos, layout_loops_ring, serial_shops, shop_statue
D:5:      layout_loops_cross, zin_purify, minmay_temple_entry_overgrown
D:6:      layout_basic, slow_altar_2, mainiacjoe_overflow_cross_hatched,
          gammafunk_temple_overflow_elements, uniq_grinder, uniq_eustachio
D:7:      layout_loops_corners, grunt_ashenzari_visionary
          [grunt_ashenzari_visionary_swamp, grunt_ashenzari_visionary_snake],
          kennysheep_mini_moat, uniq_prince_ribbit1, uniq_pikel
D:8:      layout_basic, serial_shops, shop
D:9:      layout_gridville, nicolae_tso_swordbearing_angel, trog_antimagical,
          lair_entry_dummy, special_room [special_room_orc], minmay_starry_boxes
D:10:     layout_loops_ring, elyvilon_altar_4, kennysheep_generic_room_14,
          uniq_joseph
D:11:     layout_cross, hiddenorc2_lemuel, nrook_guardian_serpent_double
Temple:   chequers_temple_sunken
Lair:1:   layout_misc_corridors, kennysheep_snail_temple
Lair:2:   layout_cave_pods, skrybe_swamp_entry_bodies, gauntlet_entry_generic,
          uniq_erica
Lair:3:   layout_long_grid, guppyfry_snake_entry_island,
          lightli_volcano_entry_magma_tube, grunt_megastairs_5,
          lemuel_fruit_tree, serial_bayou_shore_a, uniq_josephine, uniq_rupert
Lair:4:   layout_regular_city, minivault_26, nicolae_quartered_pool_little,
          beast_lair_carwin_3

Skill      XL: |  1  2  3  4  5  6  7  8  9 10 11 12 13 |
---------------+----------------------------------------+-----
Throwing       | 2 3 4 5 6 7 8 9 |  9.0
Dodging        | 3 4 5 6 7 8 9 |  9.3
Axes           | 3 4 5 6 7 8 9 10 | 10.4
Fighting       | 3 4 5 6 7 8 9 10 | 10.0
Invocations    | 2 5 8 11 13 15 | 15.4
Armour         | 3 4 6 |  6.5
Maces & Flails | |  0.3

Action                   |  1- 3 |  4- 6 |  7- 9 | 10-12 | 13-15 || total
-------------------------+-------+-------+-------+-------+-------++-------
Melee: War axe           |    79 |   184 |   532 |   532 |       ||  1327
       Kick              |    13 |    36 |    83 |       |       ||   132
       Punch             |     1 |     1 |     9 |    25 |     5 ||    41
       Mace              |       |       |       |    92 |    85 ||   177
       Flail             |       |       |       |     9 |       ||     9
Throw: Javelin           |     1 |     2 |       |       |       ||     3
       Dart              |       |     1 |    13 |     8 |       ||    22
       Throwing net      |       |     1 |       |       |       ||     1
       Boomerang         |       |       |       |     5 |       ||     5
Invok: Heroism           |       |       |     8 |    37 |     4 ||    49
       Finesse           |       |       |       |     8 |     1 ||     9
Evoke: Wand              |       |       |     1 |     1 |       ||     2
  Use: Scroll            |     3 |     5 |    14 |     7 |     1 ||    30
       Potion            |       |     3 |     4 |     3 |       ||    10
 Stab: Held in net/web   |       |     1 |       |       |       ||     1
       Distracted        |       |       |     2 |     1 |       ||     3
       Sleeping          |       |       |     2 |     1 |       ||     3
Armor: Leather armour    |    27 |    49 |       |       |       ||    76
       Robe              |       |    23 |   191 |    92 |       ||   306
       Scale mail        |       |       |       |   113 |    19 ||   132
Dodge: Dodged            |    60 |   123 |   520 |   419 |    40 ||  1162
